 Seeded DCSS version 0.28.0-53-g5a82cb258f (webtiles) character file.

Game seed: 123456789 (custom seed)

770 Kazon the Cudgeller (level 7, -3/55 HPs)
             Began as a Demonspawn Fighter on July 21, 2022.
             Killed by divine providence
             ... invoked by an orc priest
              (13 damage)
             ... on level 4 of the Dungeon.
             The game lasted 00:11:24 (3140 turns).

Kazon the Cudgeller (Demonspawn Fighter)            Turns: 3140, Time: 00:11:26

Health: -3/55      AC:  7    Str: 18    XL:     7   Next: 52%
Magic:  7/7        EV: 14    Int: 16    God:
Gold:   114        SH:  5    Dex: 19    Spells: 6/6 levels left

rFire   . . .      SeeInvis .   q - +8 mace "Nihoonn" {freeze, rC+ Dex+6}
rCold   + . .      Faith    .   c - +0 buckler
rNeg    . . .      Spirit   .   o - +2 robe of the Fletcher {Int+7}
rPois   .          Reflect  .   k - +0 helmet
rElec   .          Harm     .   n - +0 cloak
rCorr   .          Rampage  .   l - +0 pair of gloves
Will    +....                   (no boots)
Stlth   +.........              (no amulet)
HPRegen 0.18/turn               s - ring of willpower
MPRegen 0.10/turn               (no ring)

@: very slow
A: repulsion field 1, demonic guardian 1, demonic touch 1
a: no special abilities


You were on level 4 of the Dungeon.
You visited 1 branch of the dungeon, and saw 5 of its levels.

You collected 114 gold pieces.

Inventory:

Hand Weapons
 a - a +0 flail
 p - a +2 mace of protection
 q - the +8 mace "Nihoonn" (weapon) {freeze, rC+ Dex+6}
   (You found it on level 2 of the Dungeon)

   It freezes those it strikes, dealing additional cold damage.
   It can also slow down cold-blooded creatures.
   Dex:       It affects your dexterity (+6).
   rC:        It protects you from cold.
 v - a +1 mace of venom
Missiles
 f - 3 stones (quivered)
 h - 46 bolts
Armour
 b - a +0 scale mail
 c - a +0 buckler (worn)
 k - a +0 helmet (worn)
 l - a +0 pair of gloves (worn)
 n - a +0 cloak (worn)
 o - the +2 robe of the Fletcher (worn) {Int+7}
   (You took it off Sigmund on level 2 of the Dungeon)

   Int:       It affects your intelligence (+7).
 A - a +0 pair of boots
 C - a +0 plate armour
Jewellery
 s - a ring of willpower (left hand)
Wands
 y - a wand of iceblast (8)
Scrolls
 g - 3 scrolls of identify {unknown}
 i - 2 scrolls of magic mapping {unknown}
 j - a scroll of fear {unknown}
 t - a scroll of teleportation {unknown}
 w - a scroll of noise {unknown}
 B - a scroll of fog {unknown}
 D - a scroll of summoning {unknown}
Potions
 d - a potion of might
 e - 2 potions of haste {unknown}
 m - a potion of brilliance {unknown}
 r - a potion of attraction {unknown}
 u - a potion of magic {unknown}
 x - 2 potions of curing {unknown}
 z - a potion of degeneration {unknown}


   Skills:
 + Level 4.4 Fighting
 + Level 5.1 Maces & Flails
 + Level 3.9 Armour
 + Level 2.2 Dodging
 + Level 1.4 Stealth
 + Level 3.5 Shields
 * Level 1.5 Evocations


You had 6 spell levels left.
You didn't know any spells.
Your spell library contained the following spells:

 Spells                   Type           Power      Damage    Failure   Level
 Animate Skeleton         Necr           0%         N/A       32%         1
 Beastly Appendage        Tmut           0%         N/A       32%         1
 Pain                     Necr           0%         1d4       32%         1
 Blink                    Tloc           0%         N/A       45%         2
 Wereblood                Tmut           0%         N/A       45%         2
 Lesser Beckoning         Tloc           0%         N/A       69%         3
 Spider Form              Tmut/Pois      0%         N/A       69%         3
 Tukima's Dance           Hex            0%         N/A       69%         3
 Vampiric Draining        Necr           0%         2d6       69%         3
 Anguish                  Hex/Necr       0%         N/A       97%         4
 Manifold Assault         Tloc           0%         N/A       100%        5
 Enfeeble                 Hex            0%         N/A       100%        7


Dungeon Overview and Level Annotations

Branches:
Dungeon (5/15)
 Temple: D:4-7

Altars:

Portals:
Sewer: D:4


Innate Abilities, Weirdness & Mutations

You are surrounded by a mild repulsion field. (EV +2)
A weak demonic guardian rushes to your aid.
Your touch may inflict minor irresistible damage on your foes.


Message History

The orc priest looks braver for a moment.
The ogre barely misses you.
Your unstable footing causes you to fumble your attack.
The orc hits you but does no damage. The adder closely misses you.
The orc priest casts a cantrip, but nothing happens.
The orc hits you but does no damage.
You hit the adder. You freeze the adder.
The adder is almost dead.
The adder completely misses you. The ogre hits you but does no damage.
You block the adder's attack. The orc priest closely misses you.
The orc closely misses you.
You sock the adder! You freeze the adder.
You kill the adder!
You block the ogre's attack.
The orc priest calls down the wrath of Beogh upon you.
Pain shoots through your body! You block the orc's attack.
The orc priest invokes the aid of Beogh against you.
Beogh smites you!
A demonic guardian appears!
You see here an adder corpse.
Your unstable footing causes you to fumble your attack.
The orc priest mumbles some strange prayers to Beogh against you.
Beogh smites you!
* * * LOW HITPOINT WARNING * * *
You swap places.
Your ufetubus closely misses the orc priest.
Your ufetubus hits the orc priest.
The orc priest splashes around in the water.
Your ufetubus hits the orc priest.
Your ufetubus completely misses the orc priest.
The orc priest hits your ufetubus with a +0 war axe.
Your ufetubus splashes around in the water.
Your ufetubus hits the orc priest. Your ufetubus hits the orc priest.
Your ufetubus closely misses the orc priest.
The orc priest calls upon Beogh to heal the orc priest.
The orc priest is healed somewhat.
The orc priest misses your ufetubus.
Your ufetubus hits the orc priest. Your ufetubus misses the orc priest.
The orc priest mumbles some strange prayers to Beogh against you.
Beogh smites you!
You die...

.....#
#...........#........#
....##
#...........#........#
...##
#..........[.........##
...#
#................$....#
.^.#
#.....>...............#
...#
####.....................#
...#
#........................#
...#
..#...o##########.......#
...#
#...Oo5≈@≈≈≈∩≈#.......#
...#
#...o##########...#####
...# ........ #......#
...# o...#.### #......#
...# ....#. ###.#### ...#
... ## #.# ...# .. #..
#### ###


You could see an ogre, 2 orc priests, an orc and a friendly ufetubus (summoned).

Vanquished Creatures
  Sigmund (D:2)
  A necrophage (D:4)
  A centaur (D:4)
  2 orc priests (D:3)
  2 hounds (D:4)
  Crazy Yiuf (D:2)
  Ijyb (D:3)
  2 orc wizards (D:3)
  A hound skeleton (D:4)
  8 adders
  3 worms
  2 dart slugs
  8 orcs (D:3)
  6 bats
  5 endoplasms
  2 giant cockroaches (D:1)
  9 goblins
  9 hobgoblins
  4 jackals
  5 kobolds
  3 quokkas
  3 ball pythons
  5 frilled lizards
  5 rats
89 creatures vanquished.

Vanquished Creatures (collateral kills)
  Robin (D:2)
  A worm (D:2)
  A dart slug (D:2)
  5 goblins (D:2)
  2 quokkas (D:3)
  A ball python (D:2)
  A kobold (D:2)
  2 rats
14 creatures vanquished.

Grand Total: 103 creatures vanquished

Notes
Turn   | Place    | Note
-------+----------+-------------------------------------------
     0 | D:1      | Kazon the Demonspawn Fighter began the quest for the Orb.
     0 | D:1      | Reached XP level 1. HP: 18/18 MP: 1/1
   115 | D:1      | Found a faded altar of an unknown god.
   248 | D:1      | Gained mutation: A weak demonic guardian rushes to your
                  | aid. [demonic ancestry]
   248 | D:1      | Reached XP level 2. HP: 16/24 MP: 2/2
   359 | D:1      | Reached skill level 2 in Maces & Flails
   802 | D:1      | Reached XP level 3. HP: 29/29 MP: 3/3
   958 | D:2      | Noticed Robin
   973 | D:2      | Killed Robin
  1178 | D:2      | Gained mutation: Your touch may inflict minor irresistible
                  | damage on your foes. [demonic ancestry]
  1178 | D:2      | Reached XP level 4. HP: 35/35 MP: 4/4
  1491 | D:2      | Identified the +8 mace "Nihoonn" {freeze, rC+ Dex+6}
  1507 | D:2      | Found a runed translucent door.
  1508 | D:2      | Noticed Crazy Yiuf
  1514 | D:2      | Killed Crazy Yiuf
  1515 | D:2      | Reached skill level 3 in Maces & Flails
  1806 | D:2      | Identified the +2 robe of the Fletcher {Int+7}
  1806 | D:2      | Noticed Sigmund
  1814 | D:2      | Killed Sigmund
  1815 | D:2      | Reached skill level 1 in Dodging
  1815 | D:2      | Reached XP level 5. HP: 38/42 MP: 5/5
  1815 | D:2      | Reached XP level 6. HP: 43/48 MP: 6/6
  1904 | D:2      | Reached skill level 4 in Maces & Flails
  2595 | D:3      | Noticed Ijyb
  2605 | D:3      | Killed Ijyb
  2826 | D:3      | Gained mutation: You are surrounded by a mild repulsion
                  | field. (EV +2) [demonic ancestry]
  2826 | D:3      | Reached XP level 7. HP: 51/54 MP: 7/7
  2920 | D:4      | You fall into a shaft and drop 1 floor!
  2920 | D:5      | Entered Level 5 of the Dungeon
  2974 | D:4      | Reached skill level 1 in Stealth
  3010 | D:4      | Reached skill level 1 in Evocations
  3021 | D:4      | Reached skill level 5 in Maces & Flails
  3128 | D:4      | Found a glowing drain.
  3140 | D:4      | Killed from afar by an orc priest

Illustrated notes

Levels and vault maps discovered:
D:1:      co_arrival_random_square_maze, layout_loops_cross,
          ebering_ecumenical_altar_petrified
D:2:      layout_basic, uniq_sigmund, uniq_crazy_yiuf_cottage, uniq_robin
D:3:      wad_pebble_path, layout_basic, uniq_ijyb
D:4:      layout_basic, portal_sewer_entry_d
D:5:      cheibrodos_fertilizer, layout_loops_ring, makhleb_altar_promises_db,
          minmay_diced_spiral, uniq_menkaure, uniq_duvessa, uniq_eustachio

Skill      XL: |  1  2  3  4  5  6  7 |
---------------+----------------------+-----
Maces & Flails | 2 3 4 5 |  5.1
Armour         | 3 |  3.9
Shields        | 3 |  3.5
Dodging        | 1 2 |  2.2
Fighting       | 4 |  4.4
Stealth        | 1 |  1.4
Evocations     | 1 |  1.5

Action                   |  1- 3 |  4- 6 |  7- 9 || total
-------------------------+-------+-------+-------++-------
Melee: Flail             |   127 |    18 |       ||   145
       Mace              |       |    82 |    44 ||   126
Throw: Stone             |       |     2 |       ||     2
 Stab: Distracted        |     1 |     1 |       ||     2
       Sleeping          |       |     2 |     1 ||     3
Armor: Scale mail        |    56 |    13 |       ||    69
       Robe              |       |    24 |    12 ||    36
Dodge: Dodged            |    56 |    43 |    31 ||   130
Block: Buckler           |    33 |    23 |    11 ||    67
